 Dungeon Crawl Stone Soup version 0.25-a0-992-gca090100c3 (webtiles) character file.

Game seed: 4371510384951404617, levelgen mode: deterministic

182931 Flugslaktarn the Severer (level 17, -25/159 HPs)
             Began as a Minotaur Fighter on May 10, 2020.
             Was the Champion of Cheibriados.
             Killed by the raging water
             ... invoked by a water nymph
              (28 damage)
             ... on level 3 of the Shoals.
             The game lasted 00:16:21 (26518 turns).

Flugslaktarn the Severer (Minotaur Fighter)        Turns: 26518, Time: 00:16:21

Health: -25/159    AC: 28    Str: 37    XL:     17   Next: 36%
Magic:  20/25      EV: 17    Int: 20    God:    Cheibriados [******]
Gold:   1627       SH: 17    Dex: 31    Spells: 16/16 levels left

rFire    . . .     SeeInvis .   C - +4 broad axe (flame)
rCold    . . .     Gourm    .   c - +0 kite shield
rNeg     . . .     Faith    .   a - +0 plate armour
rPois    .         Spirit   .   E - +2 hat {MR+}
rElec    .         Reflect  .   A - +2 cloak {MR+}
rCorr    .         Harm     .   s - +1 pair of gloves
MR       +++..     Clarity  +   (no boots)
Stlth    ..........             (no amulet)
HPRegen  0.36/turn              p - +3 ring of protection
MPRegen  0.19/turn              v - +2 ring of evasion

@: flying (expiring), very slow
A: retaliatory headbutt, horns 2, clarity, wild magic 1
}: 1/15 runes: gossamer
a: Bend Time, Temporal Distortion, Slouch, Step From Time, Renounce Religion


You were on level 3 of the Shoals.
You worshipped Cheibriados.
Cheibriados was exalted by your worship.
You were not hungry.

You visited 4 branches of the dungeon, and saw 28 of its levels.
You also visited: Ice Cave and Volcano.

You collected 1821 gold pieces.
You spent 194 gold pieces at shops.

Inventory:

Hand Weapons
 f - the +6 hand axe of the Absolute Madman {venom, rC+ Int+4, unknown}
   (You found it on level 2 of the Spider Nest)

   It poisons the flesh of those it strikes.
   It affects your intelligence (+4).
   It protects you from cold.
 C - a +4 broad axe of flaming (weapon)
   (You took it off a red draconian in a volcano)
Missiles
 y - 3 throwing nets (quivered)
Armour
 a - a +0 plate armour (worn)
   (You took it off an orc warrior on level 8 of the Dungeon)
 c - a +0 kite shield (worn)
 l - +0 swamp dragon scales
   (You took it off Maggie on level 6 of the Dungeon)
 s - a +1 pair of gloves (worn)
   (You found it on level 8 of the Dungeon)
 A - a +2 cloak of magic resistance (worn)
   (You took it off Crazy Yiuf on level 4 of the Dungeon)
 E - a +2 hat of magic resistance (worn)
   (You took it off Gastronok on level 2 of the Lair of Beasts)
 G - the +0 pair of gloves "Umov" {*Corrode rElec rF+}
   (You found it in a volcano)

   It protects you from fire.
   It insulates you from electricity.
   It may corrode you when you take damage.
 P - a +0 tower shield
   (You found it on level 6 of the Lair of Beasts)
Jewellery
 i - an uncursed ring of see invisible
   (You took it off a deep elf mage on level 15 of the Dungeon)
 k - an uncursed ring of resist corrosion
   (You found it on level 1 of the Lair of Beasts)
 p - a +3 ring of protection (left hand)
   (You found it on level 5 of the Lair of Beasts)
 v - a +2 ring of evasion (right hand)
   (You found it on level 6 of the Lair of Beasts)
 U - the ring of Kuxyvoq {rF+ Str+2 Int+3 Dex-4 SInv}
   (You found it on level 1 of the Spider Nest)

   [ring of intelligence]

   It affects your strength (+2).
   It affects your intelligence (+3).
   It affects your dexterity (-4).
   It protects you from fire.
   It lets you see invisible.
Wands
 o - a wand of paralysis (14)
   (You found it on level 6 of the Dungeon)
 N - a wand of digging (12)
   (You found it on level 9 of the Dungeon)
 Q - a wand of iceblast (3)
   (You found it on level 4 of the Lair of Beasts)
 S - a wand of acid (7)
   (You found it on level 1 of the Spider Nest)
Scrolls
 b - 3 scrolls of fog
 r - 3 scrolls of identify
 t - 11 scrolls of teleportation
 x - 7 scrolls of remove curse
 z - a scroll of blinking
 D - 3 scrolls of magic mapping
 M - 3 scrolls of silence
Potions
 d - 4 potions of might
 g - 4 potions of brilliance
 h - 9 potions of haste
 j - a potion of mutation
 n - 2 potions of resistance
 q - 4 potions of curing
 u - 5 potions of ambrosia
 B - 2 potions of flight
 H - 6 potions of lignification
 I - 2 potions of invisibility
 R - a potion of berserk rage {unknown}
Comestibles
 e - 60 rations


   Skills:
 + Level 16.3 Fighting
 - Level 18.0 Axes
 + Level 16.3 Armour
 - Level 6.2 Dodging
 - Level 15.0 Shields
 - Level 12.0 Invocations


You had 16 spell levels left.
You didn't know any spells.
Your spell library was empty.

Dungeon Overview and Level Annotations

Branches:
Dungeon (15/15)            Temple (0/1) D:7            Lair (6/6) D:8
 Shoals (3/4) Lair:4       Spider (4/4) Lair:4        Slime (0/5) Lair:5
 Vaults (0/5) D:13         Depths (0/5) D:15          IceCv (visited)
Volcano (visited)
    Orc: D:9-12

Altars:
Cheibriados
Dithmenos
Elyvilon
Fedhas
Gozag
Okawaru
Sif Muna
Trog
Uskayaw
Xom
Yredelemnul
Zin

Shops:
D:6 ?

Annotations:
D:9 2 runed translucent doors, emiel's ghost, novice NaFi
Lair:1 1 runed translucent door, p0werm0de's ghost, journeyman DDFi
Lair:2 exclusion: ice statue
Spider:2 1 runed translucent door, ra1n577's ghost, journeyman TrFi


Innate Abilities, Weirdness & Mutations

You reflexively headbutt those who attack you in melee.
You have a pair of horns on your head.
You possess an exceptional clarity of mind.
Your spells are a little harder to cast, but a little more powerful.


Message History

You are unaffected.
The water nymph gestures at you while chanting.
The water rises up and strikes you.
The merfolk avatar chants a haunting song.
You are unaffected.
Items here: ( )) † a cursed +0 hunting sling; a +0 quarterstaff; 11 sling bullets; a faun corpse The water nymph gestures at you while chanting.
The water rises up and strikes you!
* * * LOW HITPOINT WARNING * * *
You block the drowned soul's attack.
You can feel time thicken for a moment.
You destroy the drowned soul!
You feel somewhat more hungry.
The water nymph points at you and mumbles some strange words.
The water rises up and strikes you!
* * * LOW HITPOINT WARNING * * *
The water nymph gestures at you while chanting.
The water rises up and strikes you!!
You die...

...## #.≈≈≈≈≈≈≈≈≈≈≈≈≈≈≈≈
#≈≈..##.?≈≈≈≈≈≈≈≈≈≈≈≈≈≈≈≈
.≈≈≈...≈≈≈≈≈≈≈≈≈)≈≈≈≈≈≈≈≈
.≈≈≈≈≈≈≈≈≈≈≈≈≈≈≈(≈≈≈≈≈≈≈≈
≈≈≈≈≈≈≈≈≈≈≈≈≈≈≈≈(≈≈≈≈≈≈≈≈
≈≈≈≈≈≈≈≈≈≈≈≈≈≈≈≈((≈≈≈≈≈≈≈
≈≈≈≈≈≈≈≈≈≈≈≈≈≈≈))≈≈≈≈≈≈≈≈
≈≈≈≈≈≈ ≈≈≈≈≈≈≈≈))≈≈≈≈≈.≈.
≈≈≈≈≈≈ ≈≈≈≈≈≈≈≈≈@≈m≈≈≈..≈
≈≈≈≈≈≈ ≈≈≈≈≈≈≈≈≈≈.≈≈≈≈P..
≈≈≈≈≈≈ ≈≈≈≈≈≈≈≈≈≈..P≈≈≈..
≈≈≈≈≈≈ ≈≈≈≈≈≈≈≈≈≈PP.PPm≈.
≈≈≈≈≈≈ ≈≈≈≈≈≈≈≈..P.PPm≈≈.
≈≈≈≈≈≈ ≈≈≈≈≈≈≈P.<##.P≈≈
≈≈≈≈≈≈ ≈≈≈≈≈...## ..≈≈
≈≈≈≈≈ ≈≈≈.P..## ≈.≈ ≈≈≈≈≈


You could see a merfolk avatar and 2 water nymphs.

Vanquished Creatures
  Arachne (Spider:4)
  Frances (D:13)
  Gastronok (Lair:2)
  6 emperor scorpions
  3 ghost moths
  A very ugly thing (IceCv)
  3 entropy weavers
  A red draconian (Volcano)
  A dire elephant (Lair:6)
  4 spark wasps
  Snorg (Lair:3)
  Erolcha (D:10)
  6 hydras
  2 centaur warriors
  An alligator snapping turtle (Shoals:3)
  A merfolk avatar (Lair:6)
  4 death yaks (Lair:5)
  7 two-headed ogres
  A satyr (Shoals:3)
  An ogre mage (Volcano)
  A titan zombie (D:15)
  A flayed ghost (D:15)
  2 sea snakes
  3 skeletal warriors
  A wizard (D:13)
  2 harpies (Lair:6)
  A shadow dragon zombie (D:15)
  A necromancer (D:15)
  4 deep elf magi
  20 orb spiders
  20 wolf spiders
  10 ugly things (D:15)
  6 cyclopes
  2 slime creatures (D:12)
  2 moths of wrath
  Maurice (D:8)
  4 fauns (Shoals:3)
  2 merfolk sirens
  9 elephants
  2 centaur zombies (D:15)
  5 manticores
  A water nymph (Shoals:3)
  4 black mambas
  A fire giant skeleton (D:15)
  A gargoyle (D:13)
  4 molten gargoyles (D:11)
  10 spiny frogs
  A torpor snail (Spider:3)
  A yaktaur zombie (D:15)
  Maggie (D:6)
  9 komodo dragons
  5 rime drakes
  12 demonic crawlers
  A freezing wraith (Lair:2)
  8 polar bears
  16 hornets
  9 trolls
  25 jumping spiders
  4 dream sheep (Shoals:2)
  Grinder (D:3)
  2 wind drakes
  11 hippogriffs
  A dire elephant simulacrum (IceCv)
  A wraith (D:10)
  20 tarantellas
  37 redbacks
  12 wyverns
  4 hogs (D:7)
  2 basilisks (Lair:6)
  15 yaks
  A steam dragon (D:8)
  A human (D:7)
  A harpy simulacrum (IceCv)
  3 hydra simulacra (IceCv)
  A soldier ant (shapeshifter) (D:14)
  8 water moccasins
  10 porcupines
  2 hornet zombies
  A black bear (D:9)
  15 ogres
  8 orc warriors
  18 ice beasts
  A necrophage (D:10)
  4 sky beasts
  An eye of draining (D:13)
  7 centaurs
  4 wolves (Lair:5)
  12 crocodiles
  Blork the orc (D:7)
  3 big kobolds (D:7)
  13 bullfrogs
  A wyvern skeleton (D:13)
  6 scorpions
  23 killer bees
  9 wights
  2 electric eels
  2 howler monkeys
  5 crimson imps
  11 hounds
  A lava snake (D:11)
  A quasit (D:7)
  6 bullfrog skeletons
  5 jellies
  11 orc wizards
  Crazy Yiuf (D:4)
  6 centaur skeletons
  5 orc priests
  2 gnoll shamans (D:8)
  6 iguanas
  10 worker ants
  Ijyb (D:3)
  A hound skeleton (D:9)
  A worker ant zombie (D:10)
  9 gnolls
  6 adders
  11 river rats
  5 shadow imps
  A white imp (Lair:2)
  2 adder zombies (D:6)
  2 adder skeletons
  A worm (D:3)
  A dart slug (D:4)
  5 leopard geckos
  50 orcs
  5 bats
  7 giant cockroaches
  5 goblins
  7 hobgoblins
  10 jackals
  8 quokkas
  5 ball pythons
  19 kobolds
  2 leopard gecko skeletons
  A leopard gecko zombie (D:5)
  25 rats
  A bush (Lair:6)
  A butterfly (Lair:4)
  2 fungi
  4 plants
  2 withered plants (D:15)
793 creatures vanquished.

Vanquished Creatures (others)
  A ghost moth (Spider:4)
  An orc wizard (D:4)
  2 fungi
  9 plants (Lair:6)
13 creatures vanquished.

Grand Total: 806 creatures vanquished

Notes
Turn   | Place    | Note
-------+----------+-------------------------------------------
     0 | D:1      | Flugslaktarn the Minotaur Fighter began the quest for the
                  | Orb.
     0 | D:1      | Reached XP level 1. HP: 19/19 MP: 0/0
   199 | D:1      | Reached XP level 2. HP: 27/27 MP: 1/1
   242 | D:1      | Reached skill level 3 in Axes
   303 | D:2      | Reached XP level 3. HP: 33/33 MP: 2/2
   388 | D:3      | Noticed a bullfrog
   396 | D:3      | Killed a bullfrog
   396 | D:3      | Reached skill level 4 in Axes
   396 | D:3      | Reached XP level 4. HP: 33/41 MP: 3/3
   471 | D:3      | Noticed Grinder
   484 | D:3      | Paralysed by Grinder for 4 turns
   497 | D:3      | Killed Grinder
   497 | D:3      | Reached skill level 5 in Axes
   497 | D:3      | Reached XP level 5. HP: 7/47 MP: 4/4
   497 | D:3      | Reached XP level 6. HP: 8/55 MP: 5/5
   876 | D:3      | Reached skill level 5 in Shields
   893 | D:3      | Reached skill level 5 in Fighting
   902 | D:3      | Reached skill level 5 in Armour
   964 | D:3      | Noticed Ijyb
   978 | D:3      | Killed Ijyb
  1341 | D:4      | Found a glowing drain.
  1366 | D:4      | Gained mutation: Your spells are a little harder to cast,
                  | but a little more powerful. [potion of mutation]
  1366 | D:4      | Gained mutation: You possess an exceptional clarity of
                  | mind. [potion of mutation]
  1377 | D:4      | Reached skill level 6 in Axes
  1377 | D:4      | Reached XP level 7. HP: 6/61 MP: 6/6
  1391 | D:4      | HP: 4/91 [iguana (3)]
  1959 | D:4      | Found a snail-covered altar of Cheibriados.
  1973 | D:4      | Found an iron altar of Okawaru.
  2106 | D:4      | Became a worshipper of Cheibriados the Contemplative
  2243 | D:4      | You fall into a shaft and drop 2 floors!
  2394 | D:6      | Reached skill level 7 in Axes
  2400 | D:5      | Entered Level 5 of the Dungeon
  2404 | D:5      | Reached skill level 1 in Invocations
  2411 | D:5      | Reached XP level 8. HP: 61/70 MP: 7/7
  2855 | D:5      | Reached * piety under Cheibriados
  2926 | D:5      | Reached skill level 8 in Axes
  2941 | D:5      | Found a shimmering altar of Xom.
  2943 | D:5      | Found a blossoming altar of Fedhas.
  2943 | D:5      | Found a shimmering blue altar of Sif Muna.
  2945 | D:5      | Found a hide-covered altar of Uskayaw.
  2945 | D:5      | Found a bloodstained altar of Trog.
  2945 | D:5      | Found an iron altar of Okawaru.
  2965 | D:5      | Found a white marble altar of Elyvilon.
  3212 | D:4      | Found a runed translucent door.
  3213 | D:4      | Noticed Crazy Yiuf
  3217 | D:4      | Killed Crazy Yiuf
  3529 | D:5      | Reached ** piety under Cheibriados
  4055 | D:6      | Reached XP level 9. HP: 78/79 MP: 10/10
  4195 | D:6      | Reached skill level 9 in Axes
  4233 | D:6      | Reached *** piety under Cheibriados
  4419 | D:6      | Noticed Maggie
  4440 | D:6      | Killed Maggie
  4558 | D:6      | Found Mesynk's Magic Scroll Shop.
  4564 | D:6      | Bought a scroll of enchant armour for 97 gold pieces
  4564 | D:6      | Bought a scroll of enchant armour for 97 gold pieces
  5023 | D:6      | Reached skill level 1 in Dodging
  5169 | D:7      | Found a basalt altar of Yredelemnul.
  5170 | D:7      | Reached **** piety under Cheibriados
  5178 | D:7      | Reached skill level 10 in Axes
  5347 | D:7      | Found a staircase to the Ecumenical Temple.
  5593 | D:7      | Reached ***** piety under Cheibriados
  5593 | D:7      | Reached XP level 10. HP: 82/88 MP: 12/12
  5716 | D:7      | Noticed Blork the orc
  5722 | D:7      | Killed Blork the orc
  5967 | D:7      | Reached skill level 11 in Axes
  6158 | D:8      | Reached skill level 5 in Invocations
  6464 | D:8      | Noticed Maurice
  6472 | D:8      | Killed Maurice
  6709 | D:8      | Reached ****** piety under Cheibriados
  6724 | D:8      | Found a staircase to the Lair.
  6729 | D:8      | Reached skill level 12 in Axes
  7030 | D:8      | Found a shadowy altar of Dithmenos.
  7083 | D:8      | Reached XP level 11. HP: 97/97 MP: 14/14
  7190 | D:8      | Found a bloodstained altar of Trog.
  7205 | D:8      | Found a glowing silver altar of Zin.
  7205 | D:8      | Found an opulent altar of Gozag.
  7330 | D:9      | Reached skill level 5 in Dodging
  7469 | D:9      | Found a large runed translucent door.
  7491 | D:9      | Noticed a two-headed ogre
  7498 | D:9      | Killed a two-headed ogre
  7654 | D:9      | Found a blossoming altar of Fedhas.
  7762 | D:9      | Noticed a skeletal warrior
  7777 | D:9      | Noticed a two-headed ogre
  7778 | D:9      | Killed a skeletal warrior
  7785 | D:9      | Killed a two-headed ogre
  7801 | D:9      | Reached skill level 10 in Fighting
  8155 | D:9      | Reached skill level 13 in Axes
  8463 | D:9      | Found a large runed translucent door.
  8562 | D:9      | Noticed emiel's ghost (novice NaFi)
  8587 | D:10     | Entered Level 10 of the Dungeon
  8624 | D:10     | Reached skill level 10 in Armour
  8628 | D:10     | Noticed a centaur warrior
  8637 | D:10     | Killed a centaur warrior
  8905 | D:10     | Noticed Erolcha
  8919 | D:10     | Killed Erolcha
  9289 | D:10     | Got a shimmering chain mail
  9300 | D:10     | Identified the +0 chain mail "Woamn" {Str+2 Dex-4 Stlth+}
                  | (You found it on level 10 of the Dungeon)
  9478 | D:10     | Reached XP level 12. HP: 106/107 MP: 16/16
 10047 | D:11     | Reached skill level 14 in Axes
 10979 | Lair:1   | Entered Level 1 of the Lair of Beasts
 11002 | Lair:1   | Found a dark tunnel.
 11011 | Volcano  | Entered a volcano
 11031 | Volcano  | Noticed a two-headed ogre
 11031 | Volcano  | Noticed a two-headed ogre
 11032 | Volcano  | Noticed an ogre mage
 11038 | Volcano  | Killed a two-headed ogre
 11040 | Volcano  | Killed a two-headed ogre
 11046 | Volcano  | Killed an ogre mage
 11159 | Volcano  | Noticed a red draconian
 11160 | Volcano  | Noticed a two-headed ogre
 11174 | Volcano  | Killed a red draconian
 11178 | Volcano  | Killed a two-headed ogre
 11188 | Volcano  | Got a pair of slimy gloves
 11203 | Volcano  | Identified the +0 pair of gloves "Umov" {*Corrode rElec
                  | rF+} (You found it in a volcano)
 11335 | Volcano  | Noticed a two-headed ogre
 11338 | Volcano  | Killed a two-headed ogre
 11799 | Lair:1   | Found a runed translucent door.
 11800 | Lair:1   | Noticed p0werm0de's ghost (journeyman DDFi)
 12362 | Lair:2   | Reached skill level 15 in Axes
 12432 | Lair:2   | Reached XP level 13. HP: 116/116 MP: 18/18
 13066 | Lair:2   | Noticed Gastronok
 13073 | Lair:2   | Killed Gastronok
 13416 | Lair:3   | Noticed Snorg
 13423 | Lair:3   | Killed Snorg
 14082 | Lair:4   | Found a staircase to the Shoals.
 14444 | Lair:4   | Found a hole to the Spider Nest.
 14733 | Lair:4   | Got a heavily runed golden ring
 14867 | Lair:4   | Reached skill level 10 in Shields
 15215 | Lair:5   | Reached skill level 16 in Axes
 16194 | Lair:5   | Found a staircase to the Slime Pits.
 16483 | Lair:6   | Entered Level 6 of the Lair of Beasts
 16646 | Lair:6   | Reached XP level 14. HP: 127/127 MP: 20/20
 17680 | Lair:6   | Reached skill level 17 in Axes
 17686 | Lair:6   | Reached skill level 10 in Invocations
 18065 | Lair:6   | Identified the ring "Duttul" {Wiz Str+4 Dex+2} (You found
                  | it on level 4 of the Lair of Beasts)
 18069 | Lair:6   | Reached XP level 15. HP: 136/136 MP: 21/21
 18671 | D:13     | You fall into a shaft and drop 2 floors!
 18671 | D:15     | Entered Level 15 of the Dungeon
 19274 | D:13     | Found a gate to the Vaults.
 19423 | D:13     | Noticed Frances
 19436 | D:13     | Killed Frances
 20092 | D:15     | Found a staircase to the Depths.
 20117 | D:15     | Reached skill level 18 in Axes
 20988 | Spider:1 | Entered Level 1 of the Spider Nest
 21108 | Spider:1 | Reached XP level 16. HP: 107/146 MP: 23/23
 21518 | Spider:1 | Got a wavering tin ring
 21520 | Spider:1 | Identified the ring of Kuxyvoq {rF+ Str+2 Int+3 Dex-4 SInv}
                  | (You found it on level 1 of the Spider Nest)
 22044 | Spider:2 | Got a brightly glowing hand axe
 22089 | Spider:2 | Found a runed translucent door.
 22089 | Spider:2 | Found a shimmering altar of Xom.
 22089 | Spider:2 | Noticed ra1n577's ghost (journeyman TrFi)
 22806 | Spider:4 | Entered Level 4 of the Spider Nest
 23138 | Spider:4 | Reached skill level 15 in Fighting
 23572 | Spider:4 | Reached skill level 15 in Armour
 23598 | Spider:4 | HP: 2/149 [disintegration (31)]
 24049 | Spider:4 | Noticed Arachne
 24061 | Spider:4 | Killed Arachne
 24666 | Spider:4 | Reached XP level 17. HP: 157/157 MP: 25/25
 25403 | Spider:4 | Got a gossamer rune of Zot
 25556 | Shoals:1 | Entered Level 1 of the Shoals
 25567 | Shoals:1 | Found a frozen archway.
 25577 | IceCv    | Entered an ice cave
 26494 | Shoals:3 | Reached skill level 15 in Shields
 26518 | Shoals:3 | HP: 3/159 [water nymph/the raging water (15)]
 26518 | Shoals:3 | Killed from afar by a water nymph

Illustrated notes

Levels and vault maps discovered:
D:1:      dpeg_arrival_renting, layout_basic, minmay_rat_gold_closets
D:2:      layout_basic, nemelex_lonely_heart_becter
D:3:      minmay_thinvault, layout_rooms, bloody_makhleb, uniq_grinder,
          uniq_ijyb
D:4:      layout_loops_ring, kennysheep_slug_shrine, okawaru_trees_2,
          cheibrodos_sewer_entry_sluice, uniq_crazy_yiuf_cottage
D:5:      lemuel_ratsnest, layout_rooms, kennysheep_mini, first_ration,
          doesnt_xom_only_xom
D:6:      layout_loops_corners, serial_shops, shop, uniq_maggie
D:7:      layout_basic, yredelemnul_altar_generic,
          minmay_temple_entry_junction_2, grunt_livestock, sword_in_stone
D:8:      layout_rooms, grunt_temple_overflow_gold_and_silver,
          lightli_temple_of_fire, kennysheep_little_box, erik_lair_dragon,
          lightli_minifort, uniq_maurice
D:9:      layout_irregular_city, fedhas_bush_and_centaur_altar,
          ebering_ghost_disaster_area, minmay_misc_feat_four_crosses,
          minmay_pinched_square
D:10:     minmay_distorted_concentric_squares, layout_basic, minmay_circle_x,
          uniq_erolcha
D:11:     layout_loops_cross, minivault_8
D:12:     layout_cave_pools, hiddenorc2_lemuel
D:13:     layout_loops_corners, david_vaults_1, enter_bailey_2, uniq_jorgrun,
          uniq_frances
D:14:     layout_gridville
D:15:     gammafunk_depths_entry_grave, layout_basic,
          nicolae_ru_the_path_less_chosen
Lair:1:   layout_gridlike, gammafunk_ghost_grave, nicolae_volcano_entry_hallway,
          chequers_serial_rivers_room_b, infiniplex_staircase_pool,
          grunt_megastairs_5
Lair:2:   layout_roguey, ice2_lemuel, infiniplex_staircase_pool_2,
          uniq_gastronok
Lair:3:   layout_gridlike, serial_bayou_shore_b, serial_bayou_shore_a,
          lemuel_fruit_fields, grunt_megastairs_3, uniq_snorg
Lair:4:   layout_loops_ring, minmay_shoals_entry_beasts, spider_nest_entry_webs,
          serial_bayou_pond_e, lemuel_fruit_fields
Lair:5:   layout_gridlike, slime_dummy, serial_forest,
          infiniplex_forest_corner_2, infiniplex_forest_clump_double,
          infiniplex_forest_lined_3, infiniplex_forest_straight_5,
          infiniplex_forest_lined_4_way, infiniplex_forest_clump_medium,
          infiniplex_forest_fountain
Lair:6:   gammafunk_lair_ancient_temple, layout_hall_layers
Shoals:1: cheibrodos_shoals_oceanic_diplomacy, layout_shoals,
          portal_ice_cave_entry_pillars_1, yaktaur_hedge
Shoals:2: layout_shoals
Shoals:3: layout_shoals
Spider:1: layout_spider_delve, drop_trap
Spider:2: layout_spider_delve, ebering_ghost_xom
Spider:3: nicolae_spider_hall_of_the_moth_king, drop_trap
Spider:4: guppyfry_spider_rune, uniq_arachne

Skill      XL: |  1  2  3  4  5  6  7  8  9 10 11 12 13 14 15 16 17 |
---------------+----------------------------------------------------+-----
Axes           | 3 4 5 6 7 8 10 12 13 15 16 17 18 | 18.0
Fighting       | 4 5 6 7 8 9 10 11 12 13 14 15 16 | 16.3
Shields        | 4 5 6 7 9 10 11 12 14 15 | 15.0
Armour         | 4 5 6 7 8 9 10 11 12 13 15 16 | 16.3
Invocations    | 1 2 4 5 7 8 9 10 11 12 | 12.0
Dodging        | 2 4 6 |  6.2

Action                   |  1- 3 |  4- 6 |  7- 9 | 10-12 | 13-15 | 16-18 || total
-------------------------+-------+-------+-------+-------+-------+-------++-------
Melee: War axe           |    55 |   135 |   334 |   440 |       |       ||   964
       Headbutt          |     6 |    17 |    72 |   186 |   200 |   188 ||   669
       Broad axe         |       |       |       |    55 |   500 |   476 ||  1031
Invok: Slouch            |       |       |       |       |       |     7 ||     7
       Step From Time    |       |       |       |       |       |     1 ||     1
Evoke: Wand              |       |       |       |       |       |    13 ||    13
  Use: Potion            |       |     2 |     1 |       |     1 |     8 ||    12
       Scroll            |       |       |    11 |    10 |     9 |    13 ||    43
 Stab: Distracted        |       |       |       |     2 |       |     1 ||     3
       Sleeping          |       |       |       |     1 |       |       ||     1
       Held in net/web   |       |       |       |       |     1 |     1 ||     2
       Fleeing           |       |       |       |       |       |     3 ||     3
  Eat: Chunk             |       |     2 |     9 |    11 |     9 |     4 ||    35
       Ration            |       |       |       |     1 |     1 |     2 ||     4
Armor: Chain mail        |    39 |    92 |    70 |       |       |       ||   201
       Skin              |       |     4 |     6 |       |       |     2 ||    12
       Swamp dragon scal |       |       |    39 |    59 |    14 |   166 ||   278
       Plate armour      |       |       |       |   104 |   194 |    27 ||   325
Dodge: Dodged            |    14 |    28 |   107 |   210 |   198 |   283 ||   840
Block: Kite shield       |    47 |    96 |   192 |   379 |   400 |   445 ||  1559

Table legend:
 A = Non-vault XP
 B = Vault XP
 C = Vault XP percentage of total XP
 D = Non-vault monster count
 E = Vault monster count
 F = Vault count percentage of total count
                 A         B        C        D         E       F
            +---------+---------+-------+---------+---------+-------
      Total |  120229 |   79419 |  39.8 |     550 |     235 |  29.9
            +---------+---------+-------+---------+---------+-------
        D:1 |      16 |       3 |  15.8 |       8 |       3 |  27.3
        D:2 |      36 |       0 |   0.0 |      16 |       0 |   0.0
        D:3 |     108 |     368 |  77.3 |       7 |      18 |  72.0
        D:4 |     605 |      60 |   9.0 |      18 |       5 |  21.7
        D:5 |    1069 |     162 |  13.2 |      34 |      32 |  48.5
        D:6 |     972 |     385 |  28.4 |      21 |       1 |   4.5
        D:7 |    2085 |    1546 |  42.6 |      53 |      10 |  15.9
        D:8 |    1779 |    1984 |  52.7 |      40 |      12 |  23.1
        D:9 |    2895 |    2975 |  50.7 |      26 |      15 |  36.6
       D:10 |    1340 |    3728 |  73.6 |      16 |       9 |  36.0
       D:11 |    4712 |    1647 |  25.9 |      42 |       4 |   8.7
       D:12 |    1328 |       0 |   0.0 |       6 |       0 |   0.0
       D:13 |    5287 |    3204 |  37.7 |      15 |       3 |  16.7
       D:14 |    1136 |       0 |   0.0 |       5 |       0 |   0.0
       D:15 |   10463 |    5168 |  33.1 |      24 |       8 |  25.0
     Lair:1 |    1179 |     258 |  18.0 |       6 |       2 |  25.0
     Lair:2 |    4380 |    4558 |  51.0 |      15 |      15 |  50.0
     Lair:3 |    1485 |    1237 |  45.4 |       7 |       2 |  22.2
     Lair:4 |    3879 |     924 |  19.2 |      10 |       3 |  23.1
     Lair:5 |   11634 |       0 |   0.0 |      29 |       0 |   0.0
     Lair:6 |    4190 |   11910 |  74.0 |      12 |      29 |  70.7
   Shoals:1 |    1516 |       0 |   0.0 |       3 |       0 |   0.0
   Shoals:2 |    1524 |       0 |   0.0 |       5 |       0 |   0.0
   Shoals:3 |    5776 |       0 |   0.0 |      10 |       0 |   0.0
   Spider:1 |    8625 |       0 |   0.0 |      22 |       0 |   0.0
   Spider:2 |    8861 |       0 |   0.0 |      18 |       0 |   0.0
   Spider:3 |   12883 |       0 |   0.0 |      30 |       0 |   0.0
   Spider:4 |   20466 |   30715 |  60.0 |      52 |      46 |  46.9
      IceCv |       0 |    3156 | 100.0 |       0 |      12 | 100.0
    Volcano |       0 |    5431 | 100.0 |       0 |       6 | 100.0
            +---------+---------+-------+---------+---------+-------
